 Dungeon Crawl Stone Soup version 0.28.0-53-g5a82cb258f (webtiles) character file.

Game seed: 17767248395870852516

5587 Destapler the Fighter (level 10, -1/141 HPs)
             Began as a Minotaur Fighter on July 18, 2022.
             Was a Priest of Uskayaw.
             Slain by a manticore (20 damage)
             ... on level 8 of the Dungeon.
             The game lasted 00:30:27 (10217 turns).

Destapler the Fighter (Minotaur Fighter)           Turns: 10217, Time: 00:30:30

Health: -1/141     AC:  9    Str: 26    XL:     10   Next: 45%
Magic:  0/11       EV: 10    Int:  5    God:    Uskayaw [***...]
Gold:   413        SH:  9    Dex:  9    Spells: 9/9 levels left

rFire   + . .      SeeInvis +   v - +2 hand axe (vamp)
rCold   . . .      Faith    .   O - +0 kite shield
rNeg    . . .      Spirit   +   w - +0 scale mail {rPois}
rPois   +          Reflect  .   (helmet restricted)
rElec   .          Harm     .   (no cloak)
rCorr   .          Rampage  .   h - +0 pair of gloves
Will    .....                   (no boots)
Stlth   ..........              g - amulet of guardian spirit
HPRegen 0.33/turn               n - ring of see invisible
MPRegen 0.12/turn               o - ring of protection from fire

@: berserking, very quick
A: horns 2, retaliatory headbutt
a: Renounce Religion, Stomp, Line Pass


You were on level 8 of the Dungeon.
You worshipped Uskayaw.
Uskayaw was noncommittal.
You visited 1 branch of the dungeon, and saw 8 of its levels.

You collected 413 gold pieces.

Inventory:

Hand Weapons
 s - a +3 long sword of holy wrath
 u - a +1 dagger of venom
 v - a +2 vampiric hand axe (weapon)
Missiles
 F - 3 throwing nets
 K - 14 poisoned darts (quivered)
 L - 4 curare-tipped darts
Armour
 c - a +1 buckler
 h - a +0 pair of gloves (worn)
 i - a +0 plate armour
 w - a +0 scale mail of poison resistance (worn)
 z - a +2 hat
 O - a +0 kite shield (worn)
Jewellery
 b - a +4 ring of protection
 g - an amulet of guardian spirit (around neck)
 l - a ring of poison resistance
 n - a ring of see invisible (left hand)
 o - a ring of protection from fire (right hand)
 N - a ring of positive energy
 P - a ring of protection from cold
Wands
 d - a wand of charming (8)
 r - a wand of iceblast (3)
 y - a wand of digging (6)
 I - a wand of flame (7)
 J - a wand of paralysis (19)
Scrolls
 a - 2 scrolls of teleportation
 f - a scroll of enchant weapon {unknown}
 j - 2 scrolls of fear {unknown}
 p - 2 scrolls of fog
 t - a scroll of summoning {unknown}
 x - a scroll of brand weapon {unknown}
 C - a scroll of amnesia
 D - a scroll of enchant armour
 G - a scroll of blinking {unknown}
Potions
 e - 2 potions of berserk rage
 k - 4 potions of attraction
 m - a potion of brilliance {unknown}
 q - a potion of curing
 B - a potion of invisibility {unknown}
 E - a potion of mutation {unknown}
 M - a potion of magic {unknown}


   Skills:
 + Level 10.8 Fighting
 + Level 8.4 Axes
 + Level 4.5 Throwing
 + Level 7.9 Armour
 - Level 4.0 Dodging
 + Level 7.9 Shields
 - Level 3.0 Invocations
 - Level 3.0 Evocations


You had 9 spell levels left.
You didn't know any spells.
Your spell library contained the following spells:

 Spells                   Type           Power      Damage    Failure   Level
 Animate Skeleton         Necr           0%         N/A       95%         1
 Apportation              Tloc           0%         N/A       95%         1
 Shock                    Conj/Air       0%         1d3       95%         1
 Summon Small Mammal      Summ           0%         N/A       95%         1
 Call Canine Familiar     Summ           0%         N/A       100%        3
 Portal Projectile        Hex/Tloc       0%         N/A       100%        3
 Swiftness                Air            0%         N/A       100%        3
 Airstrike                Air            0%         N/A       100%        4
 Leda's Liquefaction      Hex/Erth       0%         N/A       100%        4
 Summon Ice Beast         Ice/Summ       0%         N/A       100%        4
 Summon Mana Viper        Hex/Summ       0%         N/A       100%        5
 Monstrous Menagerie      Summ           0%         N/A       100%        7


Dungeon Overview and Level Annotations

Branches:
Dungeon (8/15)             Temple (0/1) D:7
   Lair: D:8-11

Altars:
Okawaru
Uskayaw


Innate Abilities, Weirdness & Mutations

You have a pair of horns on your head.
You reflexively headbutt those who attack you in melee.


Message History

k - 4 potions of attraction The manticore bites you.
* * * LOW HITPOINT WARNING * * *
You block the manticore's attack. The manticore misses you.
The yak barely misses you.
It was a potion of berserk rage.
A red film seems to cover your vision as you go berserk!
You feel yourself moving faster!
You feel mighty! The manticore bites you!
* * * LOW HITPOINT WARNING * * *
You block the manticore's attack.
The manticore claws you but does no damage.
The yak closely misses you.
You hit the manticore.
You feel better.
The manticore is moderately wounded.
You hit the yak. You block the manticore's attack. The manticore claws you.
* * * LOW HITPOINT WARNING * * *
The manticore barely misses you.
You barely miss the manticore.
The manticore is moderately wounded.
You slash the yak! The yak gores you but does no damage.
The manticore bites you!
* * * LOW HITPOINT WARNING * * *
The manticore claws you!
* * * LOW HITPOINT WARNING * * *
The manticore claws you.
* * * LOW HITPOINT WARNING * * *
You slash the manticore!
You feel better.
The manticore is heavily wounded.
You hit the yak but do no damage. The yak closely misses you.
Uskayaw will force your foes to helplessly watch your dance.
Uskayaw prepares the audience for your solo!
Unknown command.
The helpless manticore fails to defend itself.
You slash the manticore!
You feel better.
The manticore is almost dead.
The helpless yak fails to defend itself.
You slash the yak!
You kill the yak!
The manticore is no longer paralysed.
The manticore bites you!!
You die...

#.###################.#.#
#.# ♣.♣♣#♣ #.#..
#.#♣...♣#. #.#..
#.#.....#. # #.#..... .
.# .######.#... .###.#
........#.♣♣♣ #...#
######...♣.♣.♣##.$$#
#....♣♣♣...@#
#)..♣.♣.♣##H?(#
#..#.♣♣♣.##...#
#..#.)...#.###.#
#..#.....#. .#
#..#.....#. # #..#♣...♣#.
#..#♣♣.♣♣#♣
##.##############


You could see a manticore.

Vanquished Creatures
  A boulder beetle (D:7)
  Harold (D:7)
  A cyclops (D:6)
  A shadow (D:8)
  2 wyverns (D:8)
  A yak (D:8)
  A steam dragon (D:6)
  A water moccasin (D:8)
  3 orc warriors
  2 black bears
  A sky beast (D:8)
  2 ice beasts
  3 ogres
  A centaur (D:8)
  2 phantoms
  A kobold brigand (D:8)
  5 bullfrogs
  A gnoll sergeant (D:7)
  A scorpion (D:7)
  2 water moccasin skeletons (D:6)
  4 killer bees (D:8)
  11 wights
  2 centaur zombies (D:8)
  3 jellies
  2 orc priests (D:6)
  Ijyb (D:3)
  Terence (D:3)
  2 hell rats (D:7)
  4 iguanas
  2 orc wizards
  A killer bee zombie (D:8)
  A hound skeleton (D:4)
  6 adders
  9 gnolls
  10 river rats (D:7)
  A shadow imp (D:7)
  An ufetubus (D:6)
  3 dart slugs
  15 orcs
  7 ball pythons
  9 endoplasms
  2 giant cockroaches
  15 hobgoblins
  5 kobolds
  9 quokkas
  3 bats
  4 frilled lizards
  9 goblins
  23 rats
198 creatures vanquished.

Notes
Turn   | Place    | Note
-------+----------+-------------------------------------------
     0 | D:1      | Destapler the Minotaur Fighter began the quest for the Orb.
     0 | D:1      | Reached XP level 1. HP: 19/19 MP: 0/0
   251 | D:1      | Reached XP level 2. HP: 27/27 MP: 1/1
   496 | D:1      | Reached skill level 4 in Fighting
   705 | D:1      | Reached XP level 3. HP: 33/33 MP: 2/2
   723 | D:1      | Found a faded altar of an unknown god.
   750 | D:1      | Prayed at the altar of an unknown god.
   750 | D:1      | Became a worshipper of Uskayaw the Reveller
   750 | D:1      | Reached * piety under Uskayaw
  1229 | D:1      | Reached ** piety under Uskayaw
  1232 | D:1      | Reached *** piety under Uskayaw
  1233 | D:1      | Reached skill level 1 in Dodging
  1500 | D:2      | Reached XP level 4. HP: 41/41 MP: 3/3
  1996 | D:3      | Noticed a black bear
  2141 | D:3      | Noticed Ijyb
  2148 | D:3      | Killed Ijyb
  2149 | D:3      | Reached skill level 5 in Fighting
  2352 | D:3      | Killed a black bear
  2353 | D:3      | Reached XP level 5. HP: 47/50 MP: 4/4
  2423 | D:3      | Noticed Terence
  2455 | D:3      | Killed Terence
  2456 | D:3      | Reached skill level 6 in Fighting
  2746 | D:3      | Reached XP level 6. HP: 57/57 MP: 3/5
  3671 | D:4      | Reached skill level 1 in Invocations
  3671 | D:4      | Reached skill level 1 in Evocations
  3855 | D:5      | Entered Level 5 of the Dungeon
  3959 | D:5      | Reached XP level 7. HP: 52/63 MP: 7/7
  4890 | D:6      | Noticed a cyclops
  4925 | D:6      | Killed a cyclops
  4926 | D:6      | Reached skill level 7 in Fighting
  4926 | D:6      | Reached skill level 5 in Axes
  4926 | D:6      | Reached skill level 8 in Fighting
  4926 | D:6      | Reached XP level 8. HP: 36/75 MP: 2/9
  5253 | D:6      | Reached **** piety under Uskayaw
  5258 | D:6      | Reached ***** piety under Uskayaw
  5729 | D:6      | Reached skill level 9 in Fighting
  5731 | D:6      | Reached skill level 5 in Armour
  5736 | D:6      | Reached skill level 5 in Shields
  7095 | D:7      | Noticed a boulder beetle
  7101 | D:6      | Reached XP level 9. HP: 83/83 MP: 10/10
  7177 | D:7      | Reached skill level 1 in Throwing
  7390 | D:7      | Killed a boulder beetle
  7708 | D:7      | Reached skill level 10 in Fighting
  8469 | D:7      | Found a staircase to the Ecumenical Temple.
  8783 | D:7      | Noticed Harold
  8786 | D:7      | Paralysed by Harold for 5 turns
  8804 | D:7      | Killed Harold
  8805 | D:7      | Reached XP level 10. HP: 39/94 MP: 4/11
  9093 | D:7      | Found an iron altar of Okawaru.
  9675 | D:8      | Noticed a white ugly thing
  9675 | D:8      | Noticed a red ugly thing
  9703 | D:8      | Noticed an eight-headed hydra
 10199 | D:8      | Noticed a manticore
 10215 | D:8      | HP: 7/141 [manticore (10)]
 10215 | D:8      | HP: 3/141 [manticore (4)]
 10217 | D:8      | Slain by a manticore

Illustrated notes

Levels and vault maps discovered:
D:1:      minmay_arrival_doors, layout_loops_ring,
          ebering_ecumenical_altar_rust, minmay_split_cup_small
D:2:      layout_rooms
D:3:      layout_rooms, serial_co_window_serial, co_window_of_opportunity_a,
          co_window_paths_a, co_window_of_opportunity_a, co_window_paths_a,
          co_window_paths_a, co_window_corner_b, co_window_broadway_a,
          co_window_broadway_a, co_window_broadway_b, co_window_paths_c,
          co_window_corner_b, co_window_unsneaky_path_a, co_window_paths_d,
          glass_columns_a, glass_columns_a, glass_columns_a, glass_columns_c,
          chequers_serial_rivers_room_a, minmay_bisected, uniq_terence,
          uniq_ijyb
D:4:      layout_rooms
D:5:      layout_loops_ring, corexii_corridor_pit, minmay_misc_feat_roman
D:6:      layout_layer_cave
D:7:      lemuel_ratsnest, layout_cave_pools, okawaru_gym_becter,
          minmay_temple_entry_large_hall, minmay_liquid_box, uniq_harold
D:8:      nzn_winding_woodlands_small [nzn_winding_woodlands_5x15_concentric,
          nzn_winding_woodlands_center_pierced_h,
          nzn_winding_woodlands_5x15_parted], layout_basic

Skill      XL: |  1  2  3  4  5  6  7  8  9 10 |
---------------+-------------------------------+-----
Fighting       | 4 5 6 8 9 10 | 10.8
Armour         | 4 5 7 |  7.9
Shields        | 4 5 7 |  7.9
Axes           | 3 4 5 6 7 8 |  8.4
Dodging        | 1 3 4 |  4.0
Invocations    | 1 3 |  3.0
Evocations     | 1 3 |  3.0
Throwing       | 3 4 |  4.5

Action                   |  1- 3 |  4- 6 |  7- 9 | 10-12 || total
-------------------------+-------+-------+-------+-------++-------
Melee: War axe           |    97 |    53 |       |       ||   150
       Headbutt          |     6 |    27 |    55 |    19 ||   107
       Hand axe          |       |    73 |   289 |   106 ||   468
Throw: Dart              |       |       |    33 |     3 ||    36
Invok: Line Pass         |       |       |     7 |     1 ||     8
       Stomp             |       |       |     2 |       ||     2
  Use: Potion            |       |     2 |     2 |     2 ||     6
       Scroll            |       |     3 |     2 |     3 ||     8
 Stab: Paralysed         |       |       |    12 |     4 ||    16
       Confused          |       |       |     1 |       ||     1
Armor: Scale mail        |    24 |    14 |    71 |    35 ||   144
       Ring mail         |    24 |    28 |       |       ||    52
Dodge: Dodged            |    45 |    60 |   116 |    39 ||   260
Block: Buckler           |    32 |    28 |    80 |     2 ||   142
       Kite shield       |       |       |       |    62 ||    62
